Map: Efflorescence LE

Players

qqq

  • Race: Protoss Protoss
  • Spawn Location: 12:00

Massa

  • Race: Terran Terran
  • League: Platinum
  • Spawn Location: 3:00

GRRROVER - Winner!

  • Race: Zerg Zerg
  • Spawn Location: 9:00

TIMAN - Winner!

  • Race: Terran Terran
  • Spawn Location: 6:00

VOD

Have the link to the VOD?

Description

Time

  • Played on: Nov. 7, 2020, 4:04 p.m.
  • Length: 3:25
Show
View Real Time Build Order
Export as new Build Order

qqq Protoss 

Build Orders:  

Get SALT Encoding   

  12  0:01  Probe  
  13  0:14  Pylon  
  13  0:19  Probe  
  14  0:31  Probe  
  15  0:36  Gateway  
  15  0:43  Probe  
  16  0:55  Probe  
  16  0:56  Gateway  
  17  1:04  Pylon  
  17  1:09  Probe  
  18  1:21  Probe, Zealot (Chrono Boost)  
  21  1:42  Zealot (Chrono Boost)  
  25  1:47  Zealot (Chrono Boost)  
  25  2:00  Zealot (Chrono Boost)  
  25  2:07  Zealot  
  29  2:10  Nexus  
  29  2:23  Probe  
  29  2:26  Assimilator  
  30  2:35  Probe, Pylon  
  31  2:45  Pylon  
  31  2:51  Cybernetics Core  
  31  2:53  Zealot x2  
  35  3:02  Pylon  
  35  3:11  Probe  
Show
View Real Time Build Order
Export as new Build Order

Massa Terran 

Build Orders:  

Get SALT Encoding   

  12  0:00  SCV  
  13  0:12  SCV  
  14  0:17  Supply Depot  
  14  0:24  SCV  
  15  0:39  SCV  
  15  0:41  Barracks  
  16  0:48  Refinery  
  16  0:51  SCV  
  17  1:01  Supply Depot  
  18  1:04  SCV  
  18  1:17  SCV  
  19  1:39  Barracks  
  19  1:41  Reaper  
  19  1:44  Barracks  
  19  1:46  SCV  
  21  1:58  Orbital Command  
  21  2:13  Marine  
  22  2:26  Barracks Tech Lab  
  22  2:27  SCV  
  23  2:31  Marine  
  23  2:32  Marine  
  25  2:37  Supply Depot  
  25  2:39  Supply Depot  
  25  2:47  Marauder  
  25  2:48  Marine  
  28  2:54  Marine  
  29  3:06  Marine  
  33  3:24  Engineering Bay  
Show
View Real Time Build Order
Export as new Build Order

GRRROVER Zerg - Winner!

Build Orders: Hatch First 

Get SALT Encoding   

  12  0:03  Drone  
  13  0:12  Overlord  
  13  0:17  Drone  
  14  0:31  Drone x2  
  16  0:51  Hatchery  
  16  0:55  Drone  
  16  0:57  Drone  
  16  1:01  Drone  
  18  1:14  Extractor  
  18  1:17  Spawning Pool  
  16  1:21  Drone  
  16  1:23  Drone  
  18  1:29  Drone  
  19  1:43  Drone  
  20  1:52  Overlord  
  20  2:09  Queen  
  20  2:10  Roach Warren  
  20  2:13  Queen  
  23  2:15  Drone  
  23  2:16  Drone x2  
  23  2:20  Drone  
  27  2:25  Zergling x2  
  28  2:34  Extractor  
  28  2:35  Drone  
  28  2:38  Drone  
  29  2:50  Roach x2  
  29  2:51  Roach  
  35  2:56  Overlord  
  35  3:06  Drone  
Show
View Real Time Build Order
Export as new Build Order

TIMAN Terran - Winner!

Build Orders:  

Get SALT Encoding   

  12  0:02  SCV  
  13  0:14  SCV  
  14  0:28  Supply Depot  
  14  0:34  SCV  
  15  0:36  Supply Depot  
  15  0:50  SCV  
  16  0:59  Barracks  
  16  1:03  SCV  
  17  1:05  Supply Depot  
  17  1:10  Refinery  
  17  1:16  SCV  
  18  1:27  Refinery  
  18  1:28  SCV  
  19  1:39  Barracks  
  19  1:45  Orbital Command  
  19  1:58  Marine  
  20  2:12  SCV  
  20  2:13  Factory  
  21  2:16  Barracks Reactor  
  20  2:29  Bunker  
  20  2:37  Bunker  
  20  2:38  Marine  
  20  2:39  SCV  
  22  2:51  SCV  
  22  2:53  Marine x2  
  22  2:56  Marine  
  26  2:59  Factory Tech Lab  
  28  3:16  Barracks Tech Lab  
  28  3:19  Starport  
Tags
 
Add a new tag
Caveats
  • Supply blocks, unpowered buildings, or Contaminate may cause inaccurate times.
  • Supply counts are checked every 10 seconds.